 Dungeon Crawl Stone Soup version 0.29-a0-344-ge2f44be95a (webtiles) character file.

Game seed: 8572773840328266485

207 Fenrisus the Magician (level 6, -4/41 HPs)
             Began as a Djinni Fire Elementalist on Apr 21, 2022.
             Slain by an orc
             ... wielding a +0 trident
              (6 damage)
             ... on level 3 of the Dungeon.
             The game lasted 00:20:48 (3632 turns).

Fenrisus the Magician (Djinni Fire Elementalist)    Turns: 3632, Time: 00:20:48

Health: -4/41      AC:  2    Str:  9    XL:     6   Next: 11%
Gold:   114        EV: 13    Int: 16    God:
                   SH:  5    Dex: 14

rFire   + + .      SeeInvis +   a - +0 dagger (elec)
rCold   x . .      Faith    .   (no shield)
rNeg    . . .      Spirit   .   b - +0 robe
rPois   ∞          Reflect  +   (no helmet)
rElec   .          Harm     .   (no cloak)
rCorr   .          Rampage  .   (no gloves)
Will    .....                   (boots unavailable)
Stlth   ++........              k - amulet of reflection
HPRegen 0.13/turn               j - ring of see invisible
MPRegen 0.00/turn               (no ring)

@: flying
A: sickness immunity, fire resistance 2, cold vulnerability 1, float, innate
caster, HP casting, extra vitality 1
a: no special abilities


You were on level 3 of the Dungeon.
You visited 1 branch of the dungeon, and saw 3 of its levels.

You collected 114 gold pieces.

Inventory:

Hand Weapons
 a - a +0 dagger of electrocution (weapon)
Missiles
 l - 6 boomerangs of dispersal (quivered)
Armour
 b - a +0 robe (worn)
Jewellery
 j - a ring of see invisible (left hand)
 k - an amulet of reflection (around neck)
Scrolls
 c - 2 scrolls of fog
 m - a scroll of identify
 n - a scroll of torment {unknown}
 o - a scroll of enchant armour {unknown}
Potions
 d - 2 potions of degeneration {unknown}
 e - 2 potions of curing
 f - 2 potions of lignification
 g - a potion of mutation {unknown}
 h - a potion of haste {unknown}
 i - a potion of brilliance {unknown}


   Skills:
 + Level 0.8 Fighting
 + Level 1.4 Short Blades
 + Level 3.3 Dodging
 + Level 2.2 Stealth
 + Level 0.2 Shields
 + Level 3.9 Spellcasting


You couldn't memorise any spells.
You knew the following spells:

 Your Spells              Type           Power      Damage    Failure   Level
a - Foxfire               Conj/Fire      60%        2x1d7     3%          1
b - Scorch                Fire           30%        2d6       5%          2
c - Conjure Flame         Conj/Fire      15%        6-21      11%         3
d - Inner Flame           Hex/Fire       15%        N/A       11%         3
e - Flame Wave            Conj/Fire      15%        2d6       34%         4
f - Pain                  Necr           60%        1d7       3%          1
g - Static Discharge      Conj/Air       15%        N/A       5%          2
Your spell library was empty.

Dungeon Overview and Level Annotations

Branches:
Dungeon (3/15)

Altars:


Innate Abilities, Weirdness & Mutations

You are immune to sickness and miasma.
You are immune to poison.
Your flesh is very heat resistant. (rF++)
You are vulnerable to cold. (rC-)
You float through the air rather than walking.
You learn spells naturally, not from books.
Your magical power is your life essence.
You have superior vitality. (+4 MHP)


Message History

The orc attacks as you move away! The orc hits you with a +0 hand axe.
The foxfire hits the orc.
The orc is heavily wounded.
You block the bat's attack.
You see here a ball python corpse.
The bat hits you but does no damage. You block the orc's attack.
Casting: Foxfire (safe; 3% risk of failure)
Confirm with . or Enter, or press ? or * to list all spells.
You conjure some foxfire!
The bat hits you. You block the rat's attack.
The orc hits you with a +0 hand axe.
The orc hits your foxfire with a +0 hand axe.
The orc hits you from afar with a +0 trident.
The orc closely misses you.
Your foxfire dissipates!
The orc attacks as you move away! The orc closely misses you.
The orc hits your foxfire with a +0 hand axe.
The orc attacks as you move away! You block the orc's attack.
The foxfire hits the orc.
The orc is severely wounded.
The bat barely misses you.
You closely miss the orc. You block the bat's attack.
The orc hits you but does no damage. You block the orc's attack.
The orc closely misses you.
You hit the orc. Lightning courses through the orc!!
You kill the orc!
You block the bat's attack.
The orc hits you from afar with a +0 trident.
The orc barely misses you.
You barely miss the rat.
The orc hits you from afar with a +0 trident!
* * * LOW HITPOINT WARNING * * *
The rat bites you.
* * * LOW HITPOINT WARNING * * *
The orc hits you with a +0 hand axe.
* * * LOW HITPOINT WARNING * * *
You barely miss the rat. The bat misses you. You block the orc's attack.
You block the rat's attack. The orc barely misses you.
You hit the rat but do no damage.
The orc hits you from afar with a +0 trident.
You die...

#.########... ....#
#.........# #.......
#.........#
###......#...<.....
..................##
.........#.........#
....######.........#
##### #.....?b..#
#....ow@..#
#.....or..#
##...†...##
##.....## #######


You could see a worm, 2 orcs, a bat and a rat.

Vanquished Creatures
  A hound (D:2)
  3 orc wizards
  2 adders
  2 worms (D:2)
  3 dart slugs
  7 orcs
  3 ball pythons
  6 bats
  An endoplasm (D:2)
  3 giant cockroaches
  4 hobgoblins
  6 jackals
  8 kobolds
  2 quokkas (D:2)
  6 frilled lizards
  7 goblins
  2 rats
66 creatures vanquished.

Vanquished Creatures (collateral kills)
  A foxfire (D:1)
1 creature vanquished.

Vanquished Creatures (others)
  130 foxfires
130 creatures vanquished.

Grand Total: 197 creatures vanquished

Notes
Turn   | Place    | Note
-------+----------+-------------------------------------------
     0 | D:1      | Fenrisus the Djinni Fire Elementalist began the quest for
                  | the Orb.
     0 | D:1      | Reached XP level 1. HP: 15/15 MP: 0/0
   230 | D:1      | Reached XP level 2. HP: 14/21 MP: 0/0
   936 | D:1      | Reached XP level 3. HP: 21/25 MP: 0/0
   936 | D:1      | Learned a level 1 spell: Pain
  1105 | D:1      | Found a faded altar of an unknown god.
  1118 | D:1      | Got Plato's Disquisition on the Oath
  2257 | D:2      | Reached XP level 4. HP: 15/31 MP: 0/0
  2656 | D:2      | Reached skill level 1 in Short Blades
  2656 | D:2      | Reached XP level 5. HP: 21/35 MP: 0/0
  2656 | D:2      | Learned a level 2 spell: Static Discharge
  3436 | D:3      | Reached XP level 6. HP: 36/41 MP: 0/0
  3630 | D:3      | HP: 2/41 [orc/+0 hand axe (4)]
  3632 | D:3      | Slain by an orc

Illustrated notes

Levels and vault maps discovered:
D:1:      minmay_arrival_open_corners, layout_loops_ring,
          shapermc_ecumenical_altar_rom_forum, chequers_serial_rivers_marsh,
          minmay_misc_feat_x
D:2:      layout_loops_ring
D:3:      layout_rooms, dreamdust_princess_corridor

Skill      XL: |  1  2  3  4 |
---------------+-------------+-----
Spellcasting   | 3 |  3.9
Stealth        | 2 |  2.2
Short Blades   | 1 |  1.4
Dodging        | 3 |  3.3
Fighting       | |  0.8
Shields        | |  0.2

Action                   |  1- 3 |  4- 6 || total
-------------------------+-------+-------++-------
Melee: Unarmed           |     2 |       ||     2
       Dagger            |    69 |    37 ||   106
 Cast: Foxfire           |    50 |    40 ||    90
       Scorch            |       |    12 ||    12
  Use: Scroll            |     5 |       ||     5
 Stab: Sleeping          |     1 |     1 ||     2
Armor: Robe              |    13 |     9 ||    22
Dodge: Dodged            |    36 |    33 ||    69
Block: Other             |       |    17 ||    17

Table legend: (Time is in decaauts)
 A = Elapsed time spent in this place.
 B = Non-inter-level travel time spent in this place.
 C = Inter-level travel time spent in this place.
 D = Time resting spent in this place.
 E = Time spent auto-exploring this place.
 F = Levels seen in this place.
 G = Mean time per level.
                   A        B        C        D        E       F      G
               +--------+--------+--------+--------+--------+-----+--------+
         Total |   3628 |   1992 |   1636 |   1443 |      0 |   3 | 1209.3 |
       Dungeon |   3628 |   1992 |   1636 |   1443 |      0 |   3 | 1209.3 |
               +--------+--------+--------+--------+--------+-----+--------+

Top non-repeatable levels by time:
     D:2: 1667 daAuts
     D:1: 1293 daAuts
     D:3: 668 daAuts
